 Dungeon Crawl Stone Soup version 0.31.0-11-ge490571c62 (webtiles) character file.

Game seed: 9368381489771883293

25 qw the Shooter (level 2, -1/16 HPs)
             Began as a Deep Elf Hunter on Feb 4, 2024.
             Succumbed to their own poison gas
             ... on level 1 of the Dungeon.
             The game lasted 00:00:02 (620 turns).

qw the Shooter (Deep Elf Hunter)                     Turns: 620, Time: 00:00:02

Health: -1/16      AC:  6    Str:  8    XL:     2   Next: 86%
Magic:  4/4        EV: 12    Int: 13    God:
Gold:   33         SH:  0    Dex: 18    Spells: 1/1 levels left

rFire   . . .        a - +0 shortbow
rCold   . . .        (shield currently unavailable)
rNeg    . . .        c - +0 leather armour
rPois   .            (no helmet)
rElec   .            (no cloak)
rCorr   .            g - +1 pair of gloves
SInv    +            h - +0 pair of boots
Will    .....        (no amulet)
Stlth   ++           j - ring of see invisible
HPRegen 0.22/turn    (no ring)
MPRegen 0.09/turn

%: no passive effects
@: lethally poisoned (-1 -> -9)
A: no striking features
a: no special abilities


You were on level 1 of the Dungeon.
You visited 1 branch of the dungeon, and saw 1 of its levels.

You collected 33 gold pieces.


   Skills:
 - Level 1.5 Fighting
 + Level 6.5 Ranged Weapons
 - Level 2.4 Dodging
 - Level 1.2 Stealth


You had one spell level left.
You didn't know any spells.
Your spell library was empty.

Inventory:

Hand Weapons
 a - a +0 shortbow (weapon)
Armour
 c - a +0 leather armour (worn)
 g - a +1 pair of gloves (worn)
 h - a +0 pair of boots (worn)
Jewellery
 j - a ring of see invisible (left hand)
Potions
 l - a potion of heal wounds

Dungeon Overview and Level Annotations

Branches:
Dungeon (1/15)

Altars:


Message History

611 ||| READING scroll of identify.
611 ||| IDENTIFYING red potion
As you read the scroll of identify, it crumbles to dust.
l - a potion of heal wounds Done exploring.
612 ||| READING scroll labelled BUTOKHL FUM ERO.
The air fills with toxic fumes!
As you read the scroll labelled BUTOKHL FUM ERO, it crumbles to dust.
It was a scroll of poison.
Done exploring.
613 ||| READING scroll labelled BOTEXZ YTHOCOOL.
As you read the scroll labelled BOTEXZ YTHOCOOL, it crumbles to dust.
You hear a loud clanging noise!
It was a scroll of noise.
Done exploring.
614 ||| DROPPING scroll of butterflies.
You drop a scroll of butterflies.
Done exploring.
615 ||| DROPPING potion of attraction.
You drop a potion of attraction.
Done exploring.
What level of the Dungeon? (default 1, ? - help) Sorry, I don't know how to get there.
Enter note:
Enter note:
Enter note:
Enter note:
Enter note:
Enter note: You are engulfed in poison gas.
You are lethally poisoned!
You feel very sick.
617 ||| Stepping ~*~*~tactically~*~*~ (cloud).
You feel very sick.
Things that are here:
a potion of attraction; a scroll of butterflies
There is a lethal amount of poison in your body!
You feel very sick.
There is a lethal amount of poison in your body!
You feel sick.
There is a lethal amount of poison in your body!
You die...

....# #.# ....# #.# ....#
#.# ....# #%# ....####.#
#.#....#.#
#.#....#.#########
#.#....#....#¤¤0¤#
#.#....#.##.#.##@#
#.........#.#.##¤#
###....#..#.#.##¤#
.......#..#.#.##¤#
##...#.#.[#.#.##¤#
.....#.#....#.##¤#
.....#........(.¤########
#.....##.####.####......#
##..........#.####.####.#


There were no monsters in sight!

Vanquished Creatures
  2 dart slugs (D:1)
  3 bats (D:1)
  3 endoplasms (D:1)
  2 hobgoblins (D:1)
  A jackal (D:1)
  A quokka (D:1)
  2 ball pythons (D:1)
  5 goblins (D:1)
  A kobold (D:1)
20 creatures vanquished.

Notes
Turn   | Place    | Note
-------+----------+-------------------------------------------
     0 | D:1      | qw the Deep Elf Hunter began the quest for the Orb.
     0 | D:1      | Reached XP level 1. HP: 12/12 MP: 3/3
     0 | D:1      | 0 ||| qw: Version: 0.3-a-160-g6735b56
     0 | D:1      | 0 ||| qw: Game counter: 4591
     0 | D:1      | 0 ||| qw: Melee chars always use a shield: true
     0 | D:1      | 0 ||| qw: God list: Okawaru
     0 | D:1      | 0 ||| qw: Allow faded altars: false
     0 | D:1      | 0 ||| qw: Do Orc after clearing Dungeon:15 true
     0 | D:1      | 0 ||| qw: Do second Lair branch before Depths: true
     0 | D:1      | 0 ||| qw: Lair rune preference: random
     0 | D:1      | 0 ||| qw: Goals: Normal
     0 | D:1      | 0 ||| PLANNING D:1-11
    90 | D:1      | Reached skill level 6 in Ranged Weapons
    90 | D:1      | Reached XP level 2. HP: 16/16 MP: 4/4
   195 | D:1      | HP: 4/16 [hobgoblin (2)]
   597 | D:1      | 597 ||| UPGRADING to +0 pair of gloves.
   602 | D:1      | 602 ||| UPGRADING to +0 pair of boots.
   607 | D:1      | 607 ||| UPGRADING to ring of see invisible.
   608 | D:1      | 608 ||| READING scroll labelled EXULEO XUIRY.
   608 | D:1      | 608 ||| ENCHANTING +0 pair of gloves.
   609 | D:1      | 609 ||| READING scroll labelled YNOSHO FUATAGG.
   610 | D:1      | 610 ||| READING 2 scrolls labelled ENTILI VOUTOME.
   610 | D:1      | 610 ||| IDENTIFYING cyan potion
   611 | D:1      | 611 ||| READING scroll of identify.
   611 | D:1      | 611 ||| IDENTIFYING red potion
   612 | D:1      | 612 ||| READING scroll labelled BUTOKHL FUM ERO.
   613 | D:1      | 613 ||| READING scroll labelled BOTEXZ YTHOCOOL.
   614 | D:1      | 614 ||| DROPPING scroll of butterflies.
   615 | D:1      | 615 ||| DROPPING potion of attraction.
   617 | D:1      | 617 ||| Stepping ~*~*~tactically~*~*~ (cloud).
   618 | D:1      | HP: 3/16 [poisoned by you (poison gas)]
   619 | D:1      | HP: 1/16 [poisoned by you (poison gas)]
   620 | D:1      | Succumbed to their own poison gas

Levels and vault maps discovered:
D:1:      giann_forest_graveyard, layout_basic, minmay_tiny_reverse_x

Skill      XL: |  1 |
---------------+----+-----
Ranged Weapons | 6 |  6.5
Fighting       | |  1.5
Dodging        | |  2.4
Stealth        | |  1.2

Action                     || total
---------------------------++-------
   Fire: Shortbow          ||    53
    Use: Scroll            ||     6
 Armour: Leather armour    ||    21
  Dodge: Dodged            ||    18

Table legend:
 A = Non-vault XP
 B = Vault XP
 C = Vault XP percentage of total XP
 D = Non-vault monster count
 E = Vault monster count
 F = Vault count percentage of total count
                 A         B        C        D         E       F
            +---------+---------+-------+---------+---------+-------
      Total |      34 |       3 |   8.1 |      18 |       2 |  10.0
            +---------+---------+-------+---------+---------+-------
        D:1 |      34 |       3 |   8.1 |      18 |       2 |  10.0
            +---------+---------+-------+---------+---------+-------
